 Dungeon Crawl Stone Soup version 0.27.1-4-g1640c2035a (webtiles) character file.

Game seed: 10281507221660960948

128 Stomo444 the Skirmisher (level 4, -10/37 HPs)
             Began as a Demonspawn Monk on Nov 10, 2021.
             Mangled by a gnoll (11 damage)
             ... on level 2 of the Dungeon.
             The game lasted 00:02:31 (2480 turns).

Stomo444 the Skirmisher (Demonspawn Monk)           Turns: 2480, Time: 00:02:31

Health: -10/37     AC:  5    Str: 13    XL:     4   Next: 86%
Magic:  4/4        EV: 13    Int: 11    God:
Gold:   105        SH:  0    Dex: 15    Spells: 3/3 levels left

rFire    . . .     SeeInvis .   a - +0 mace (freeze)
rCold    . . .     Faith    .   (no shield)
rNeg     . . .     Spirit   .   b - +0 robe
rPois    .         Reflect  .   (no helmet)
rElec    .         Harm     .   (no cloak)
rCorr    .         Rampage  .   l - +0 pair of gloves
Will     .....                  (no boots)
Stlth    ++........             (no amulet)
HPRegen  0.12/turn              (no ring)
MPRegen  0.09/turn              (no ring)

@: no status effects
A: talons 1, icy blue scales 1
a: no special abilities


You were on level 2 of the Dungeon.
You visited 1 branch of the dungeon, and saw 3 of its levels.

You collected 105 gold pieces.

Inventory:

Hand Weapons
 a - a +0 mace of freezing (weapon)
Armour
 b - a +0 robe (worn)
 l - a +0 pair of gloves (worn)
Scrolls
 f - a scroll of noise {unknown}
 h - a scroll of teleportation {unknown}
 i - a scroll of magic mapping {unknown}
 k - a scroll of enchant weapon {unknown}
Potions
 e - a potion of heal wounds {unknown}
 g - a potion of brilliance {unknown}
 j - a potion of flight {unknown}


   Skills:
 - Level 4.1 Fighting
 - Level 4.0 Maces & Flails
 + Level 3.2 Dodging
 - Level 1.7 Stealth


You had 3 spell levels left.
You didn't know any spells.
Your spell library contained the following spells:

 Spells                   Type           Power      Damage    Failure   Level
 Gell's Gravitas          Tloc           0%         N/A       71%         3
 Teleport Other           Tloc           0%         N/A       71%         3
 Dispersal                Tloc           0%         N/A       100%        6


Dungeon Overview and Level Annotations

Branches:
Dungeon (3/15)

Altars:

Shops:
D:1 (!:   D:2 (


Innate Abilities, Weirdness & Mutations

You have sharp toenails.
You are partially covered in icy blue scales. (AC +2)


Message History

There are monsters nearby!
There are monsters nearby!
Sorry, you're not good enough to have a special ability.
The gnoll shouts! x2; You hear a shout!
A gnoll comes into view. It is wielding a +0 halberd.
Okay, then.
Unknown command.
As you read the scroll labelled NEOGOETERE, it crumbles to dust.
It is a scroll of brand weapon.
Your +0 mace is covered with a thin layer of ice!
a - a +0 mace of freezing (weapon)
As you read the scroll labelled JEASET SYDARO, it crumbles to dust.
You speak a Word of immense power!
You are blasted by holy energy!
It was a scroll of holy word.
Unknown command.
There is a stone staircase leading up here.
The gnoll hits you with a +0 flail!
You climb upwards.
There is a stone staircase leading down here.
You are too injured to fight recklessly!
You are too injured to fight recklessly!
You hit the gnoll. You freeze the gnoll. Your kick misses the gnoll.
The gnoll is moderately wounded.
The gnoll barely misses you.
You barely miss the gnoll. Your kick misses the gnoll.
The gnoll is moderately wounded.
The gnoll closely misses you.
You hit the gnoll but do no damage. You claw the gnoll, but do no damage.
The gnoll is moderately wounded.
The gnoll hits you with a +0 flail.
* * * LOW HITPOINT WARNING * * *
You hit the gnoll. You freeze the gnoll. You claw the gnoll.
The gnoll is almost dead.
The gnoll hits you with a +0 flail!
* * * LOW HITPOINT WARNING * * *
The gnoll closely misses you.
You barely miss the gnoll.
The gnoll is almost dead.
The gnoll hits you with a +0 flail!
You die...

.#########...#..#.#
..........#.....#.#
#.#.#####......##.#
#>#.....#.........#
#.#.###........####
#.....#...........#
..#.#.#......#..#.#
..#.#.#......##.#.#####
....#.#......##.@.....#
....#...#'#######g###.#
..#######.# #.....#
..#######.### #######
#.#.........#
#.#.#####.#.#######
#.#.# #.#.#.....#
#.#.#####.#.#.###.#
#.#.(.....#.#.# #.#


You could see a gnoll.

Vanquished Creatures
  A centaur skeleton (D:2)
  6 adders (D:2)
  A dart slug (D:1)
  2 ball pythons (D:2)
  5 endoplasms
  5 goblins
  4 hobgoblins
  2 jackals (D:2)
  3 quokkas
  4 bats
  2 frilled lizards (D:2)
  3 kobolds (D:2)
  3 rats (D:1)
41 creatures vanquished.

Notes
Turn   | Place    | Note
-------+----------+-------------------------------------------
     0 | D:1      | Stomo444 the Demonspawn Monk began the quest for the Orb.
     0 | D:1      | Reached XP level 1. HP: 18/18 MP: 1/1
   158 | D:1      | Found Wirec's Book Shoppe.
   411 | D:1      | Gained mutation: You are partially covered in icy blue
                  | scales. (AC +2) [demonic ancestry]
   411 | D:1      | Reached XP level 2. HP: 13/24 MP: 2/2
   562 | D:1      | Found Jeranyso's Weapon Boutique.
   755 | D:1      | Found Hicwep Waqam's Distillery.
  1282 | D:2      | Found a faded altar of an unknown god.
  1296 | D:2      | Reached XP level 3. HP: 27/29 MP: 3/3
  1471 | D:2      | Found Bajuc's Antique Weapon Shoppe.
  1620 | D:2      | Gained mutation: You have sharp toenails. [demonic
                  | ancestry]
  1620 | D:2      | Reached XP level 4. HP: 18/37 MP: 4/4
  2479 | D:2      | HP: 1/37 [gnoll (10)]
  2480 | D:2      | Mangled by a gnoll

Illustrated notes

Levels and vault maps discovered:
D:1:      co_arrival_random_square_maze, layout_basic, serial_shops, shop,
          nicolae_diamond_shop, shop, kennysheep_crisscross, chequers_arboretum
D:2:      minmay_chambers_of_twos, layout_basic,
          chequers_ecumenical_altar_simple, serial_shops, shop,
          minmay_tetromino_l2
D:3:      layout_basic, mainiacjoe_overflow_concentric_impassable, st_stairs_12,
          minmay_vboxes

Skill      XL: |  1  2  3  4 |
---------------+-------------+-----
Maces & Flails | 3 4 |  4.0
Dodging        | 3 |  3.2
Fighting       | 4 |  4.1
Stealth        | |  1.7

Action                   |  1- 3 |  4- 6 || total
-------------------------+-------+-------++-------
Melee: Mace              |   102 |    61 ||   163
       Kick              |       |     8 ||     8
  Use: Scroll            |       |     2 ||     2
 Stab: Sleeping          |     6 |     3 ||     9
Armor: Robe              |    35 |    19 ||    54
Dodge: Dodged            |    80 |    43 ||   123
